 Dungeon Crawl Stone Soup version 0.31-a0-202-g547052bce9 (webtiles) character file.

Game seed: 16695778693510450023

554 qw the Skirmisher (level 7, -1/41 HPs)
             Began as a Deep Elf Hunter on June 26, 2023.
             Was an Initiate of Okawaru.
             Slain by Edmund
             ... wielding a +1 heavy dire flail
              (7 damage)
             ... on level 4 of the Dungeon.
             The game lasted 00:01:19 (3160 turns).

qw the Skirmisher (Deep Elf Hunter)                 Turns: 3160, Time: 00:01:19

Health: -1/41      AC:  7    Str: 10    XL:     7   Next: 8%
Magic:  9/9        EV: 11    Int: 14    God:    Okawaru [......]
Gold:   226        SH:  0    Dex: 22    Spells: 6/6 levels left

rFire   + . .        p - +0 orcbow
rCold   + . .        (shield currently unavailable)
rNeg    . . .        i - +0 ring mail
rPois   .            d - +1 helmet
rElec   .            l - scarf {rC+ rF+}
rCorr   .            (no gloves)
SInv    +            (no boots)
Will    +....        c - amulet of Zazuduoc {Acrobat -Cast Will+ Dex+4}
Stlth   ++           h - ring of see invisible
HPRegen 0.26/turn    (no ring)
MPRegen 0.11/turn

%: no spellcasting, acrobat
@: about to teleport
A: no striking features
a: Renounce Religion


You were on level 4 of the Dungeon.
You worshipped Okawaru.
Okawaru was noncommittal.
You visited 2 branches of the dungeon, and saw 5 of its levels.

You collected 226 gold pieces.


   Skills:
 - Level 3.2 Fighting
 - Level 10.0 Ranged Weapons
 + Level 0.0 Armour
 - Level 3.1 Dodging
 - Level 1.2 Stealth


You had 6 spell levels left.
You didn't know any spells.
Your spell library was empty.

Inventory:

Hand Weapons
 p - a +0 orcbow (weapon)
Armour
 d - a +1 helmet (worn)
 i - a +0 ring mail (worn)
 l - a scarf of resistance (worn)
Jewellery
 c - the amulet of Zazuduoc (around neck) {Acrobat -Cast Will+ Dex+4}
   (You acquired it on level 2 of the Dungeon)

   [amulet of the acrobat]

   It increases your evasion while moving and waiting.
   Dex:       It affects your dexterity (+4).
   -Cast:     It prevents spellcasting.
   Will:      It increases your willpower.
 h - a ring of see invisible (left hand)
Scrolls
 a - a scroll of identify
Potions
 b - a potion of haste
 f - 3 potions of curing
 g - a potion of heal wounds {unknown}
 j - a potion of attraction {unknown}
 k - a potion of enlightenment {unknown}
 m - a potion of degeneration {unknown}
 n - a potion of cancellation {unknown}
 o - a potion of resistance {unknown}

Dungeon Overview and Level Annotations

Branches:
Dungeon (4/15)             Temple (1/1) D:4

Altars:
Ashenzari
Cheibriados
Dithmenos
Fedhas
Gozag
Kikubaaqudgha
Makhleb
Nemelex Xobeh
Okawaru
Qazlal
Sif Muna
Trog
Vehumet
Wu Jian
Xom
Zin
The Shining One

Annotations:
D:4 Edmund


Message History

Enter note:
Enter note:
Enter note:
Enter note:
Enter note:
Enter note: You shoot an arrow.
The arrow hits Edmund but does no damage.
Edmund shouts!
You shoot an arrow.
The arrow hits Edmund but does no damage.
You shoot an arrow. The arrow hits Edmund.
Edmund is lightly wounded.
You shoot an arrow. The arrow closely misses Edmund.
You shoot an arrow. The arrow barely misses Edmund.
You shoot an arrow. The arrow hits Edmund!
Edmund is moderately wounded.
You shoot an arrow. The arrow hits Edmund!
Edmund is severely wounded.
Edmund barely misses you.
You shoot an arrow. The arrow closely misses Edmund.
Edmund hits you with a +1 heavy dire flail.
You shoot an arrow. The arrow hits Edmund.
Edmund is severely wounded.
Edmund hits you with a +1 heavy dire flail!
You shoot an arrow. The arrow barely misses Edmund.
Edmund hits you with a +1 heavy dire flail!
You shoot an arrow. The arrow hits Edmund!
Edmund is almost dead.
You shoot an arrow.
The arrow hits Edmund but does no damage.
Edmund is almost dead.
Edmund barely misses you.
You shoot an arrow. The arrow closely misses Edmund.
Edmund hits you with a +1 heavy dire flail!
3160 ||| READING scroll of teleportation.
As you read the scroll of teleportation, it crumbles to dust.
You feel strangely unstable.
Edmund hits you with a +1 heavy dire flail!
You die...

##...........#.....##...
######.####.)........##
#.# ##......#####
#######.# #......## #
#....##.# #.......## #
#....##.# #........# #
#....##.### #......#.###
#.........###.....)#....
#.>..##@#..........#####
#....##@#######..### #
#######.# #.. # ...
#.......). ... ..
...##.. ..... #.. .....
.... ....... #.... #....


You could see Edmund.

Vanquished Creatures
  Sigmund (D:4)
  Menkaure (D:4)
  A scorpion (D:3)
  A gnoll bouda (D:3)
  A hound (D:4)
  An adder (D:2)
  7 gnolls
  A worm (D:2)
  3 dart slugs
  8 ball pythons
  8 endoplasms
  4 giant cockroaches
  10 hobgoblins
  6 jackals
  A quokka (D:4)
  4 bats
  A frilled lizard (D:2)
  5 goblins (D:1)
  5 kobolds
  4 rats
73 creatures vanquished.

Notes
Turn   | Place    | Note
-------+----------+-------------------------------------------
     0 | D:1      | qw the Deep Elf Hunter began the quest for the Orb.
     0 | D:1      | Reached XP level 1. HP: 12/12 MP: 3/3
     0 | D:1      | 0 ||| qw: Version: 0.3-a-22-g0ed2b0b
     0 | D:1      | 0 ||| qw: Game counter: 6296
     0 | D:1      | 0 ||| qw: Melee chars always use a shield: true
     0 | D:1      | 0 ||| qw: God list: Okawaru
     0 | D:1      | 0 ||| qw: Allow faded altars: false
     0 | D:1      | 0 ||| qw: Do Orc after clearing Dungeon:15 true
     0 | D:1      | 0 ||| qw: Do second Lair branch before Depths: true
     0 | D:1      | 0 ||| qw: Lair rune preference: random
     0 | D:1      | 0 ||| qw: Goals: Normal
     0 | D:1      | 0 ||| PLANNING D:1-11
   218 | D:1      | Reached skill level 6 in Ranged Weapons
   218 | D:1      | Reached XP level 2. HP: 16/16 MP: 4/4
   745 | D:1      | 745 ||| UPGRADING to +1 helmet.
   750 | D:1      | 750 ||| UPGRADING to +0 ring mail.
   760 | D:1      | 760 ||| DROPPING +0 leather armour.
   761 | D:1      | 761 ||| UPGRADING to amulet of regeneration.
   766 | D:1      | 766 ||| UPGRADING to ring of see invisible.
   767 | D:1      | 767 ||| READING scroll labelled CAISMIPI ROAR.
   771 | D:1      | 771 ||| DROPPING scroll of butterflies.
   786 | D:2      | Reached XP level 3. HP: 20/20 MP: 5/5
   863 | D:2      | Reached skill level 7 in Ranged Weapons
   937 | D:2      | 937 ||| FLEEEEING.
   938 | D:2      | 938 ||| FLEEEEING.
  1179 | D:2      | 1179 ||| UPGRADING to scarf of resistance.
  1184 | D:2      | 1184 ||| READING 3 scrolls labelled ZOCKUIXUNE.
  1185 | D:2      | 1185 ||| READING scroll labelled YBEEFF YCUSE.
  1185 | D:2      | Identified a scroll of acquirement
  1185 | D:2      | 1185 ||| ACQUIRING amulet of Zazuduoc {Acrobat -Cast Will+
                  | Dex+4}
  1185 | D:2      | Acquired the amulet of Zazuduoc {Acrobat -Cast Will+ Dex+4}
  1187 | D:2      | 1187 ||| UPGRADING to amulet of Zazuduoc {Acrobat -Cast
                  | Will+ Dex+4}.
  1197 | D:2      | 1197 ||| DROPPING amulet of regeneration.
  1198 | D:2      | 1198 ||| READING scroll labelled QIEPIC PUIMESA.
  1199 | D:2      | 1199 ||| READING scroll labelled FAKHLA OLLUU.
  1200 | D:2      | 1200 ||| READING scroll labelled FAXORU BIAL.
  1301 | D:2      | 1301 ||| DROPPING 2 scrolls of fog.
  1376 | D:3      | 1376 ||| Stepping ~*~*~tactically~*~*~ (outnumbered).
  1379 | D:3      | 1379 ||| Stepping ~*~*~tactically~*~*~ (outnumbered).
  1388 | D:3      | Reached XP level 4. HP: 19/25 MP: 6/6
  1403 | D:3      | Reached skill level 8 in Ranged Weapons
  1403 | D:3      | 1403 ||| FLEEEEING.
  1404 | D:3      | 1404 ||| FLEEEEING.
  1405 | D:3      | 1405 ||| FLEEEEING.
  1406 | D:3      | 1406 ||| FLEEEEING.
  1407 | D:3      | 1407 ||| FLEEEEING.
  1408 | D:3      | 1408 ||| FLEEEEING.
  1409 | D:3      | 1409 ||| FLEEEEING.
  1410 | D:3      | 1410 ||| FLEEEEING.
  1411 | D:3      | 1411 ||| FLEEEEING.
  1412 | D:3      | 1412 ||| FLEEEEING.
  1413 | D:3      | 1413 ||| FLEEEEING.
  1414 | D:3      | 1414 ||| FLEEEEING.
  1415 | D:3      | 1415 ||| FLEEEEING.
  1416 | D:3      | 1416 ||| FLEEEEING.
  1417 | D:3      | 1417 ||| FLEEEEING.
  1418 | D:3      | 1418 ||| FLEEEEING.
  1419 | D:3      | 1419 ||| FLEEEEING.
  1420 | D:3      | 1420 ||| FLEEEEING.
  1421 | D:3      | 1421 ||| FLEEEEING.
  1422 | D:3      | 1422 ||| FLEEEEING.
  1423 | D:3      | 1423 ||| FLEEEEING.
  1424 | D:3      | 1424 ||| FLEEEEING.
  1425 | D:3      | 1425 ||| FLEEEEING.
  1426 | D:3      | 1426 ||| FLEEEEING.
  1427 | D:3      | 1427 ||| FLEEEEING.
  1428 | D:3      | 1428 ||| FLEEEEING.
  1429 | D:3      | 1429 ||| FLEEEEING.
  1430 | D:3      | 1430 ||| FLEEEEING.
  1431 | D:3      | 1431 ||| FLEEEEING.
  1432 | D:3      | 1432 ||| FLEEEEING.
  1433 | D:3      | 1433 ||| FLEEEEING.
  1434 | D:3      | 1434 ||| FLEEEEING.
  1435 | D:3      | 1435 ||| FLEEEEING.
  1436 | D:3      | 1436 ||| STAIRDANCE
  1472 | D:3      | 1472 ||| STAIRDANCE
  1483 | D:2      | HP: 5/25 [gnoll/+0 club[a gnoll bouda] (2)]
  1608 | D:3      | Identified the +9 spear of Valiance {heavy, rElec MP+9}
  1781 | D:3      | Reached XP level 5. HP: 29/29 MP: 7/7
  1795 | D:3      | HP: 3/29 [gnoll/+0 halberd (7)]
  2018 | D:3      | Reached skill level 9 in Ranged Weapons
  2050 | D:3      | Found an opulent altar of Gozag.
  2509 | D:3      | 2509 ||| READING scroll labelled OKUEBUFFUFF.
  2510 | D:3      | 2510 ||| READING scroll labelled ZENGYONW RODE.
  2511 | D:3      | 2511 ||| DRINKING 2 glowing cyan potions.
  2512 | D:3      | 2512 ||| READING 3 scrolls of identify.
  2512 | D:3      | 2512 ||| IDENTIFYING brown potion
  2513 | D:3      | 2513 ||| READING 2 scrolls of identify.
  2513 | D:3      | 2513 ||| IDENTIFYING bubbling golden potion
  2514 | D:3      | 2514 ||| DROPPING potion of brilliance.
  2632 | D:4      | Reached skill level 3 in Dodging
  2640 | D:4      | Reached XP level 6. HP: 29/34 MP: 8/8
  2681 | D:4      | Noticed Sigmund
  2695 | D:4      | Killed Sigmund
  2696 | D:4      | Reached skill level 3 in Fighting
  2764 | D:4      | Found a staircase to the Ecumenical Temple.
  2765 | D:4      | 2765 ||| PLANNING TEMPLE
  2765 | D:4      | 2765 ||| READING scroll labelled SUNUIL QUMARGH.
  2774 | Temple   | Entered the Ecumenical Temple
  2794 | Temple   | 2794 ||| PLANNING OKAWARU WORSHIP
  2819 | Temple   | Became a worshipper of Warmaster Okawaru
  2820 | Temple   | 2820 ||| PLANNING D:1-11
  2948 | D:4      | Found an ornate altar of the Wu Jian Council.
  2949 | D:4      | 2949 ||| SWAPPING to +0 orcbow.
  2950 | D:4      | 2950 ||| DROPPING +0 shortbow.
  2967 | D:4      | Noticed Menkaure
  2972 | D:4      | Killed Menkaure
  2973 | D:4      | Reached skill level 10 in Ranged Weapons
  2973 | D:4      | Reached XP level 7. HP: 23/41 MP: 9/9
  3146 | D:4      | Noticed Edmund
  3159 | D:4      | HP: 6/41 [Edmund/+1 heavy dire flail (7)]
  3160 | D:4      | 3160 ||| READING scroll of teleportation.
  3160 | D:4      | Slain by Edmund

Levels and vault maps discovered:
D:1:      nicolae_arrival_somewhat_less_tricky_arrival, layout_loops_ring
D:2:      layout_basic, chequers_serial_rivers_small_3
D:3:      layout_basic, grunt_gozag_statues, nicolae_grassy_gnolls
D:4:      layout_rooms, nicolae_yredelemnul_ghost_church, lemuel_tele_altar,
          minmay_temple_entry_stoned_glass, chequers_serial_rivers_micro_e,
          uniq_edmund, uniq_menkaure, uniq_sigmund
Temple:   hellmonk_temple_of_storms

Skill      XL: |  1  2  3  4  5  6 |
---------------+-------------------+-----
Ranged Weapons | 6 7 8 9 10 | 10.0
Dodging        | 3 |  3.1
Fighting       | 3 |  3.2
Stealth        | |  1.2

Action                     |  1- 3 |  4- 6 |  7- 9 || total
---------------------------+-------+-------+-------++-------
   Fire: Shortbow          |   120 |   115 |       ||   235
         Orcbow            |       |     9 |    13 ||    22
    Use: Scroll            |     6 |     5 |     1 ||    12
         Potion            |       |     1 |       ||     1
 Armour: Leather armour    |     3 |       |       ||     3
         Ring mail         |    17 |    25 |       ||    42
  Dodge: Dodged            |    35 |    41 |     2 ||    78

Table legend:
 A = Non-vault XP
 B = Vault XP
 C = Vault XP percentage of total XP
 D = Non-vault monster count
 E = Vault monster count
 F = Vault count percentage of total count
                 A         B        C        D         E       F
            +---------+---------+-------+---------+---------+-------
      Total |     294 |     498 |  62.9 |      66 |       7 |   9.6
            +---------+---------+-------+---------+---------+-------
        D:1 |      39 |       0 |   0.0 |      22 |       0 |   0.0
        D:2 |      44 |      29 |  39.7 |      16 |       2 |  11.1
        D:3 |     145 |      69 |  32.2 |      14 |       3 |  17.6
        D:4 |      66 |     400 |  85.8 |      14 |       2 |  12.5
            +---------+---------+-------+---------+---------+-------
